 Dungeon Crawl Stone Soup version 0.23.2-1-ga50397a (webtiles) character file.

Game seed: 16305495070870852940

7345 whitewolfNL the Grappler (level 10, -1/97 (98) HPs)
             Began as a Troll Berserker on Apr 30, 2019.
             Was a High Priest of Trog.
             Slain by RatmanManrat's ghost (9 damage)
             ... on level 9 of the Dungeon.
             The game lasted 00:30:35 (6398 turns).

whitewolfNL the Grappler (Troll Berserker)          Turns: 6398, Time: 00:30:36

HP:   -1/97 (98)    AC:  6    Str: 32    XL:     10   Next: 91%
MP:   11/11         EV: 15    Int:  3    God:    Trog [*****.]
Gold: 573           SH: 10    Dex: 12    Spells: 9/9 levels left

rFire    . . .     SeeInvis .     - Unarmed
rCold    . . .     Gourm    +   v - +0 shield
rNeg     + . .     Faith    .   n - +0 robe
rPois    .         Spirit   .   (helmet restricted)
rElec    .         Reflect  .   (no cloak)
rCorr    .         Harm     .   (gloves unavailable)
MR       .....                  (boots unavailable)
Stlth    ++........             C - amulet of the acrobat
HPRegen  0.66/turn              f - +4 ring of evasion
MPRegen  0.12/turn              z - ring of positive energy

@: mighty, lethally poisoned (-1 -> -17), berserk cooldown, slowed, very slow
A: large, unfitting armour, claws 3, fast metabolism 3, gourmand, regeneration
1, shaggy fur 1, tough skin 3
a: Berserk, Trog's Hand, Brothers in Arms, Renounce Religion


You were on level 9 of the Dungeon.
You worshipped Trog.
Trog was extremely pleased with you.
You were very full.

You visited 1 branch of the dungeon, and saw 9 of its levels.

You collected 573 gold pieces.

Inventory:

Hand Weapons
 s - a +0 spear of flaming
 w - a +0 giant spiked club
 D - a +2 hand axe of distortion
 K - a +0 giant spiked club
 L - a +2 falchion of slicing
 N - a +0 giant spiked club
Missiles
 a - 182 arrows
 c - 81 bolts
 g - 16 javelins (quivered)
 r - 16 tomahawks
 y - a throwing net
 A - 30 poisoned needles
Armour
 n - a +0 robe (worn)
 v - a +0 shield (worn)
Jewellery
 f - a +4 ring of evasion (left claw)
 z - a ring of positive energy (right claw)
 C - an amulet of the acrobat (around neck)
 E - an uncursed ring of protection from cold
 O - a cursed +4 ring of strength
Wands
 m - a wand of random effects (16)
 M - a wand of polymorph (12)
Scrolls
 e - 2 scrolls of remove curse
 k - 3 scrolls of immolation
 l - 3 scrolls of fog
 p - 2 scrolls of enchant weapon
 t - 3 scrolls of magic mapping
 u - 4 scrolls of teleportation
 H - a scroll of blinking
 I - a scroll of fear
Potions
 d - 2 potions of agility
 h - a potion of mutation {unknown}
 i - a potion of might
 j - 2 potions of haste {unknown}
 o - a potion of brilliance {unknown}
 q - a potion of heal wounds {unknown}
 x - a potion of ambrosia {unknown}
 B - a potion of resistance {unknown}
 G - a potion of degeneration {unknown}
 J - a potion of berserk rage {unknown}
Comestibles
 b - 15 rations


   Skills:
 * Level 6.0 Fighting
 * Level 3.6 Throwing
 + Level 6.3 Dodging
 - Level 2.0 Stealth
 - Level 4.0 Shields
 + Level 11.1 Unarmed Combat
 * Level 2.9 Evocations


You had 9 spell levels left.
You didn't know any spells.
Your spell library was empty.

Dungeon Overview and Level Annotations

Branches:
Dungeon (9/15)             Temple (0/1) D:6
   Lair: D:8-11         Orc: D:9-12

Altars:
Dithmenos
Elyvilon
Fedhas
Makhleb
Sif Muna
Trog
Wu Jian
Xom
Zin
The Shining One

Shops:
D:4 =

Annotations:
D:9 RatmanManrat's ghost, novice MiBe


Innate Abilities, Weirdness & Mutations

You are too large for most types of armour.
You have claws for hands.
Your metabolism is lightning-fast.
You like to eat raw meat.
Your natural rate of healing is unusually fast.
You are covered in fur. (AC +1)
You have extremely tough skin. (AC +3)


Message History

The orc barely misses you.
You scratch the orc.
The orc is heavily wounded.
You feel sick. RatmanManrat's ghost hits you!
* * * LOW HITPOINT WARNING * * *
You block the cyclops's attack. You block the orc's attack.
You barely miss the orc.
The orc is heavily wounded.
You feel sick. RatmanManrat's ghost hits you!
* * * LOW HITPOINT WARNING * * *
You are more poisoned.
The cyclops closely misses you. You block the orc's attack.
RatmanManrat's ghost hits you.
* * * LOW HITPOINT WARNING * * *
You are lethally poisoned!
You enter the transporter and appear at another place.
* * * LOW HITPOINT WARNING * * *
You feel very sick. RatmanManrat's ghost hits you!
You die...

##....#....#.......).#....[.#
####......#........(#......#
###....#....©....#......#
####.#.........#.#'####
#.#......./.#...#
#.#.........#..##
#.##8.!([$8##.##
####..#########..######
#........W@...........#
#........o.C#.........#
######...........#.........#
#................#)........#
#.##############.))........#
#.# ###)........# #.#
##...###### ##.#####
##.######### .......##
#..........#


You could see a cyclops, RatmanManrat's ghost and an orc.

Vanquished Creatures
  2 two-headed ogres
  A troll (D:9)
  A hornet (D:7)
  2 hippogriffs (D:9)
  A spriggan (D:8)
  2 yaks (D:9)
  3 hungry ghosts
  Menkaure (D:7)
  3 floating eyes (D:9)
  3 ice beasts
  5 orc warriors
  A black bear (D:9)
  A necrophage (D:9)
  2 phantoms
  4 ogres
  4 centaurs
  8 bullfrogs
  A wyvern skeleton (D:7)
  4 scorpions
  A wight (D:9)
  3 howler monkeys
  2 crimson imps
  A bullfrog skeleton (D:7)
  4 orc priests
  A centaur skeleton (D:9)
  5 hounds
  3 jellies
  6 orc wizards
  8 iguanas
  7 worker ants
  A killer bee zombie (D:5)
  A hound skeleton (D:9)
  2 worker ant zombies (D:9)
  10 gnolls
  6 adders
  3 shadow imps
  An adder zombie (D:5)
  2 worms
  4 dart slugs
  4 leopard geckos
  28 orcs
  5 bats
  6 giant cockroaches
  2 goblins (D:1)
  4 hobgoblins
  2 jackals (D:6)
  11 kobolds
  2 quokkas
  3 ball pythons
  3 frilled lizards
  2 leopard gecko skeletons (D:6)
  2 quokka zombies
  5 rats
199 creatures vanquished.

Notes
Turn   | Place    | Note
-------+----------+-------------------------------------------
     0 | D:1      | whitewolfNL the Troll Berserker began the quest for the
                  | Orb.
     0 | D:1      | Reached XP level 1. HP: 22/22 MP: 0/0
    81 | D:1      | Reached XP level 2. HP: 29/29 MP: 1/1
   635 | D:2      | Reached XP level 3. HP: 36/36 MP: 2/2
   668 | D:2      | Found a glowing golden altar of the Shining One.
   746 | D:2      | Found a bloodstained altar of Trog.
   780 | D:2      | Found a blossoming altar of Fedhas.
   912 | D:2      | Reached ** piety under Trog
  1151 | D:3      | Reached XP level 4. HP: 44/44 MP: 3/3
  1680 | D:3      | Reached skill level 1 in Stealth
  1680 | D:3      | Reached skill level 4 in Unarmed Combat
  1685 | D:3      | Found a white marble altar of Elyvilon.
  1707 | D:3      | Found a deep blue altar of Sif Muna.
  1714 | D:3      | Found a glowing silver altar of Zin.
  1800 | D:4      | Reached XP level 5. HP: 45/52 MP: 4/4
  1859 | D:4      | Found a shadowy altar of Dithmenos.
  1936 | D:4      | Noticed a phantom
  1963 | D:4      | Killed a phantom
  1963 | D:4      | Reached skill level 1 in Shields
  1963 | D:4      | Reached XP level 6. HP: 53/59 MP: 5/5
  2114 | D:4      | Reached skill level 5 in Unarmed Combat
  2192 | D:4      | Reached *** piety under Trog
  2291 | D:4      | Found Cupoas's Jewellery Shoppe.
  2313 | D:4      | Found a burning altar of Makhleb.
  2313 | D:4      | Noticed a balrug
  2317 | D:4      | Noticed an orange demon
  2317 | D:4      | Noticed a hellwing
  2478 | D:4      | Found a shimmering altar of Xom.
  2478 | D:4      | Found an ornate altar of the Wu Jian Council.
  2541 | D:5      | Entered Level 5 of the Dungeon
  2545 | D:5      | Reached XP level 7. HP: 67/67 MP: 6/6
  3057 | D:5      | Reached skill level 6 in Unarmed Combat
  3094 | D:5      | Reached XP level 8. HP: 48/75 MP: 7/7
  3214 | D:6      | Found a shadowy altar of Dithmenos.
  3263 | D:6      | Found a staircase to the Ecumenical Temple.
  3533 | D:6      | Reached skill level 7 in Unarmed Combat
  3823 | D:6      | Reached **** piety under Trog
  4184 | D:7      | Noticed Menkaure
  4191 | D:7      | Killed Menkaure
  4216 | D:7      | Noticed a hornet
  4226 | D:7      | Killed a hornet
  4226 | D:7      | Reached skill level 8 in Unarmed Combat
  4226 | D:7      | Reached XP level 9. HP: 68/85 MP: 8/8
  4349 | D:7      | Reached skill level 5 in Dodging
  4885 | D:8      | Reached skill level 5 in Fighting
  4885 | D:8      | Reached skill level 9 in Unarmed Combat
  5046 | D:8      | Reached skill level 1 in Throwing
  5085 | D:8      | Reached skill level 1 in Evocations
  5420 | D:8      | Noticed a two-headed ogre
  5425 | D:8      | Killed a two-headed ogre
  5425 | D:8      | Reached XP level 10. HP: 96/96 MP: 8/10
  5698 | D:9      | Reached skill level 10 in Unarmed Combat
  5811 | D:9      | Noticed a cyclops
  5816 | D:9      | Found a transporter.
  5816 | D:9      | Noticed a two-headed ogre
  5816 | D:9      | Noticed RatmanManrat's ghost (novice MiBe)
  5956 | D:9      | Paralysed by a floating eye for 4 turns
  5964 | D:9      | Paralysed by a floating eye for 4 turns
  5973 | D:9      | Paralysed by a floating eye for 3 turns
  5982 | D:9      | Reached ***** piety under Trog
  6002 | D:9      | Paralysed by a floating eye for 3 turns
  6209 | D:9      | Found a transporter.
  6395 | D:9      | Killed a two-headed ogre
  6395 | D:9      | Reached skill level 11 in Unarmed Combat
  6398 | D:9      | Slain by RatmanManrat's ghost

Skill      XL: |  1  2  3  4  5  6  7  8  9 10 |
---------------+-------------------------------+-----
Stealth        | 1 2 |  2.0
Unarmed Combat | 4 5 6 8 9 11 | 11.1
Dodging        | 3 4 5 6 |  6.3
Shields        | 1 2 3 4 |  4.0
Fighting       | 3 4 5 6 |  6.0
Throwing       | 1 3 |  3.6
Evocations     | 1 2 |  2.9

Action                   |  1- 3 |  4- 6 |  7- 9 | 10-12 || total
-------------------------+-------+-------+-------+-------++-------
Melee: Unarmed           |    76 |   104 |   315 |   149 ||   644
       Punch             |     1 |       |       |       ||     1
Invok: Berserk           |     1 |     6 |     8 |     6 ||    21
  Use: Scroll            |       |     8 |     4 |     2 ||    14
       Potion            |       |       |       |     1 ||     1
 Stab: Sleeping          |     1 |       |       |     1 ||     2
  Eat: Chunk             |    17 |    17 |    44 |    20 ||    98
       Ration            |       |       |       |     1 ||     1
Armor: Animal skin       |    27 |       |       |       ||    27
       Robe              |       |    16 |    46 |    25 ||    87
Dodge: Dodged            |    35 |    32 |   141 |    92 ||   300
Block: Shield            |     3 |    38 |   118 |    61 ||   220
